 Dungeon Crawl Stone Soup version 0.30-a0-728-gc68057be0a (webtiles) character file.

Game seed: 2950952411375838155

135 Laraso the Gusty (level 5, -6/28 HPs)
             Began as a Gargoyle Air Elementalist on Jan 31, 2023.
             Mangled by an iguana (9 damage)
             ... on level 4 of the Dungeon.
             The game lasted 00:04:03 (3718 turns).

Laraso the Gusty (Gargoyle Air Elementalist)        Turns: 3718, Time: 00:04:03

Health: -6/28      AC:  6    Str: 11    XL:     5   Next: 18%
Magic:  1/8        EV: 11    Int: 18    God:
Gold:   119        SH:  0    Dex: 10    Spells: 2/8 levels left

rFire   . . .      SeeInvis .    (no weapon)
rCold   . . .      Faith    .    (no shield)
rNeg    + . .      Spirit   .    a - +0 robe
rPois   ∞          Reflect  .    (no helmet)
rElec   +          Harm     .    (no cloak)
rCorr   .          Rampage  .    (no gloves)
Will    .....                    (no boots)
Stlth   ++                       (no amulet)
HPRegen 0.24/turn                (no ring)
MPRegen 0.11/turn                (no ring)

@: no status effects
A: sickness immunity, AC +4, negative energy resistance 1, electricity
resistance, torment resistance 1, petrification resistance
a: no special abilities


You were on level 4 of the Dungeon.
You visited 1 branch of the dungeon, and saw 4 of its levels.

You collected 119 gold pieces.

Inventory:

Armour
 a - a +0 robe (worn)
Jewellery
 k - a ring of positive energy
 m - a ring of flight
 o - a +6 ring of intelligence
Scrolls
 d - a scroll of vulnerability {unknown}
 f - a scroll of immolation {unknown}
 h - 2 scrolls of identify {unknown}
 l - 2 scrolls of acquirement {unknown}
 n - a scroll of enchant weapon {unknown}
Potions
 b - a potion of magic
 c - a potion of mutation {unknown}
 e - 2 potions of curing {unknown}
 g - a potion of might {unknown}
 i - 2 potions of ambrosia {unknown}
 j - a potion of heal wounds {unknown}


   Skills:
 - Level 1.5 Dodging
 - Level 2.1 Stealth
 * Level 2.2 Spellcasting
 * Level 3.1 Conjurations
 - Level 4.0 Air Magic


You had 2 spell levels left.
You knew the following spells:

 Your Spells              Type           Power      Damage    Failure   Level
a - Shock                 Conj/Air       56%        1d6       4%          1
b - Static Discharge      Conj/Air       28%        2-4/arc   6%          2
c - Swiftness             Air            16%        N/A       11%         3

Your spell library contained the following spells:

 Spells                   Type           Power      Damage    Failure   Level
 Freeze                   Ice            4%         1d3       19%         1
 Sandblast                Erth           2%         2d4       19%         1
 Passwall                 Tmut/Erth      0%         N/A       26%         2
 Hailstorm                Conj/Ice       7%         3d4       28%         3
 Stone Arrow              Conj/Erth      14%        3d7       28%         3
 Airstrike                Air            8%         2d(2-18)  34%         4
 Frozen Ramparts          Ice            2%         1d1       47%         3


Dungeon Overview and Level Annotations

Branches:
Dungeon (4/15)
 Temple: D:4-7

Altars:
Ashenzari
Cheibriados
Dithmenos


Innate Abilities, Weirdness & Mutations

You are immune to sickness and miasma.
Your stone body is resilient. (AC +4)
You are immune to poison.
You resist negative energy. (rN+)
You are resistant to electric shocks. (rElec)
You are resistant to unholy torment.
You are immune to petrification.


Message History

An iguana is nearby!
The zap hits the iguana.
The iguana is lightly wounded.
The iguana hisses angrily.
The zap misses the iguana.
The zap misses the iguana.
Found a puce potion.
Casting: Shock (safe; 4% risk of failure)
Confirm with . or Enter, or press ? or * to list all spells.
The iguana is struck by an arc of lightning.
The iguana is moderately wounded.
You resist.
You are struck by an arc of lightning.
The iguana is struck by an arc of lightning.
The iguana is heavily wounded.
The lightning grounds out.
The iguana closely misses you.
Unknown command.
Casting: Static Discharge (safe; 6% risk of failure)
Confirm with . or Enter, or press ? or * to list all spells.
The iguana is struck by an arc of lightning.
The iguana is severely wounded.
You resist.
You are struck by an arc of lightning.
The iguana bites you!
Unknown command.
Casting: Static Discharge (safe; 6% risk of failure)
Confirm with . or Enter, or press ? or * to list all spells.
You don't have enough magic to cast this spell.
Unknown command.
Unknown command.
The zap misses the iguana.
The iguana bites you!
You are too injured to fight recklessly!
You hit the iguana but do no damage.
The iguana is severely wounded.
The iguana barely misses you.
You hit the iguana but do no damage.
The iguana is severely wounded.
The iguana bites you!
* * * LOW HITPOINT WARNING * * *
You barely miss the iguana.
The iguana is severely wounded.
The iguana bites you!
You die...

##########!#
#..........#
#..........#
#..........#
.........# .
.......#...
#.l.......
#.@.# #...#
# #...#.#
##...#.#
#......#
#......#
#......#
#......#.#
#.........


You could see an iguana.

Vanquished Creatures
  Jessica (D:2)
  Natasha (D:4)
  An iguana (D:3)
  An adder (D:2)
  A worm (D:2)
  A dart slug (D:2)
  An orc (D:3)
  8 ball pythons
  2 endoplasms (D:1)
  A giant cockroach (D:1)
  6 hobgoblins
  2 quokkas (D:2)
  2 bats
  3 frilled lizards
  6 goblins
  2 kobolds (D:2)
  5 rats
44 creatures vanquished.

Notes
Turn   | Place    | Note
-------+----------+-------------------------------------------
     0 | D:1      | Laraso the Gargoyle Air Elementalist began the quest for
                  | the Orb.
     0 | D:1      | Reached XP level 1. HP: 10/10 MP: 3/3
   440 | D:1      | Reached XP level 2. HP: 15/15 MP: 0/5
   706 | D:1      | Reached skill level 3 in Air Magic
  1635 | D:2      | Reached XP level 3. HP: 19/19 MP: 0/6
  1924 | D:2      | Learned a level 2 spell: Static Discharge
  1928 | D:2      | Learned a level 3 spell: Swiftness
  2393 | D:2      | Noticed Jessica
  2409 | D:2      | Killed Jessica
  2410 | D:2      | Reached skill level 4 in Air Magic
  2410 | D:2      | Reached XP level 4. HP: 24/24 MP: 1/7
  2895 | D:3      | Identified the +6 sling of Siuz Eqicut {freeze, rElec rC-
                  | rCorr Int+3}
  3101 | D:3      | Found a shadowy altar of Dithmenos.
  3198 | D:3      | Found a snail-covered altar of Cheibriados.
  3263 | D:3      | Found a faded altar of an unknown god.
  3291 | D:3      | Found a broken altar of Ashenzari.
  3466 | D:4      | Noticed Natasha
  3672 | D:4      | Killed Natasha
  3673 | D:4      | Reached XP level 5. HP: 22/28 MP: 8/8
  3718 | D:4      | Mangled by an iguana

Illustrated notes

Levels and vault maps discovered:
D:1:      dpeg_arrival_rhombi, layout_loops_corners, grunt_decor_junction
D:2:      layout_basic, uniq_jessica
D:3:      layout_basic, nicolae_overflow_ecumenical_swirl,
          nicolae_dithmenos_through_a_glass_darkly, mainiacjoe_overflow_brackets
D:4:      nicolae_cairo_tiling_large, layout_basic,
          mainiacjoe_overflow_alcove_1,
          nicolae_uskayaw_murder_on_the_dancefloor, uniq_robin, uniq_pikel,
          uniq_edmund, uniq_natasha

Skill      XL: |  1  2  3  4 |
---------------+-------------+-----
Air Magic      | 3 4 |  4.0
Conjurations   | 3 |  3.1
Dodging        | |  1.5
Stealth        | |  2.1
Spellcasting   | |  2.2

Action                     |  1- 3 |  4- 6 || total
---------------------------+-------+-------++-------
  Melee: Unarmed           |    40 |     9 ||    49
         Punch             |     1 |       ||     1
         Whip              |       |    26 ||    26
   Cast: Shock             |    88 |    13 ||   101
         Static Discharge  |       |     2 ||     2
    Use: Scroll            |     1 |       ||     1
   Stab: Sleeping          |       |     2 ||     2
 Armour: Robe              |    17 |     3 ||    20
         Skin              |       |     3 ||     3
  Dodge: Dodged            |    26 |    27 ||    53

Table legend: (Time is in decaauts)
 A = Elapsed time spent in this place.
 B = Non-inter-level travel time spent in this place.
 C = Inter-level travel time spent in this place.
 D = Time resting spent in this place.
 E = Time spent auto-exploring this place.
 F = Levels seen in this place.
 G = Mean time per level.
                   A        B        C        D        E       F      G
               +--------+--------+--------+--------+--------+-----+--------+
         Total |   3737 |   3657 |     80 |    723 |   2455 |   4 |  934.2 |
       Dungeon |   3737 |   3657 |     80 |    723 |   2455 |   4 |  934.2 |
               +--------+--------+--------+--------+--------+-----+--------+

Top non-repeatable levels by time:
     D:2: 1409 daAuts
     D:1: 1311 daAuts
     D:3: 934 daAuts
     D:4: 81 daAuts
